Cogmind - Beta 12 @@@ ROGUE MODE // 2023.05.17 @ 19:10:11 Player: deadnoob Result: Destroyed by H-77 Assassin with Coil Gun Performance ------------- Evolutions (5) 2500 Regions Visited (25) 5000 Robots Destroyed (271) 1355 Value Destroyed (8020) 8020 Prototype IDs (72) 1440 Alien Tech Used (0) 0 Bonus (3807) 3807 TOTAL SCORE: 22122 Bonus ------- High Alert Combat Kills 2329 Follower Combat Kills 3745 Network Hubs Disabled 800 Aligned with FarCom 300 Met Imprinter 300 Was Imprinted 300 Built Enhanced Grunts 300 Friendly Fire -4267 Cogmind --------- Core Integrity 0/1000 Matter 300/300 Energy 81/100 System Corruption 0% Temperature Cool (0) Movement Flying (20) Location -4/Proximity Caves Parts ------- > --- POWER (1) -------- (None) > --- PROPULSION (6) --- Experimental Q-thruster > --- UTILITY (8) ------ Machine Analyzer Advanced Signal Interpreter Advanced Terrain Scanner Advanced Terrain Scan Processor Improved Corruption Screen > --- WEAPON (2) ------- 1C-UTU's Sword "Lootmaker" CR-A16's Pointy Stick > --- INVENTORY (5) ---- Zionite Biocell (600) Improved Transmission Jammer Cooled Plasma Cannon Cooled Plasma Cannon Ragnarok Missile Launcher Peak State ------------ > --- POWER ------------ Light Neutrino Core > --- PROPULSION ------- Gyrokinetic Inverter Q-thruster Q-thruster Improved Q-thruster Experimental Q-thruster Experimental Q-thruster > --- UTILITY ---------- Advanced Cooling System Large Storage Unit Advanced Signal Interpreter Improved Terrain Scanner Advanced Terrain Scan Processor Improved Heavy Armor Plating Improved Energy Mantle > --- WEAPON ----------- Ragnarok Missile Launcher 1C-UTU's Sword "Lootmaker" > --- INVENTORY -------- Gyrokinetic Inverter Cooled Gravmag System Cooled Gravmag System Cooled Gravmag System Zionite Biocell Tactical Coordination Suite Experimental Actuator Array Improved Transmission Jammer Advanced Phase Shifter Advanced Shield Generator Cooled Plasma Cannon Cooled Plasma Cannon Heavy Missile Launcher CR-A16's Pointy Stick [Rating: 124] Favorites ----------- Power Ion Engine Engine Ion Engine Power Core Reinforced Fission Core Reactor Zionite Light DM Reactor Propulsion Light Treads Treads Light Treads Leg Aluminum Leg Hover Unit Cooled Gravmag System Flight Unit Cooled VTOL Module Utility Medium Storage Unit Device Experimental Sensor Array Storage Medium Storage Unit Processor Experimental Targeting Computer Hackware Improved Hacking Suite Protection Light Armor Plating Weapon 8R-AWN's Boregun Energy Gun Improved Medium Laser Energy Cannon Cooled Plasma Cannon Ballistic Gun 8R-AWN's Boregun Ballistic Cannon Graviton Cannon Launcher Rocket Launcher Slashing Weapon Ripper Piercing Weapon Spear Special Melee Weapon Datajack Build | -11 -10 -10 -9 -9 -9 -8 -8 -8 -7 -7 -7 -7 -6 -6 -6 -6 -6 -6 -5 -5 -5 -5 -5 -5 -4 ------- Run | Jun Mat Min Mat Min Exi Min Mat Sto Fac Low Low Zio Pro Fac Ext Cet Arc Hub Fac Was Fac Upp Upp War Pro Slots Evolved 10 | . . . 2 . . . 2 . 2 . . . . 2 . . . . 2 . . . . . . Power . | . . . . . . . . . . . . . . . . . . . . . . . . . . Propulsion 4 | . . . 1 . . . . . 1 . . . . 2 . . . . . . . . . . . Utility 6 | . . . 1 . . . 2 . 1 . . . . . . . . . 2 . . . . . . Weapon . | . . . . . . . . . . . . . . . . . . . . . . . . . . Parts Attached 388 | 1 1 16 30 7 27 1 28 36 27 13 3 3 1 17 32 5 14 16 32 10 63 2 3 . . Power 28 | . . 2 4 . 5 . 1 1 4 . 1 . . 2 1 . 1 1 3 . 2 . . . . Engine 13 | . . 2 4 . . . 1 1 2 . 1 . . . . . 1 . 1 . . . . . . Core 9 | . . . . . 4 . . . 2 . . . . 1 . . . . . . 2 . . . . Reactor 6 | . . . . . 1 . . . . . . . . 1 1 . . 1 2 . . . . . . Propulsion 73 | . . 3 10 . 3 . 6 6 9 3 . . . 2 4 . . 3 6 4 14 . . . . Treads 27 | . . 3 10 . 3 . 6 4 1 . . . . . . . . . . . . . . . . Leg . | . . . . . . . . . . . . . . . . . . . . . . . . . . Wheel . | . . . . . . . . . . . . . . . . . . . . . . . . . . Hover 11 | . . . . . . . . . . . . . . . . . . . 6 2 3 . . . . Flight 35 | . . . . . . . . 2 8 3 . . . 2 4 . . 3 . 2 11 . . . . Utility 171 | . 1 4 8 2 10 1 10 17 6 5 1 2 1 11 17 4 13 7 13 4 31 2 1 . . Device 88 | . . 1 2 1 6 . 6 10 1 2 1 2 1 4 9 3 9 1 5 4 20 . . . . Storage 11 | . 1 . 1 . 2 . 1 . 1 . . . . . 1 . 1 . 1 . 2 . . . . Processor 18 | . . . . . . 1 1 . 4 . . . . 3 . . . 2 4 . 2 . 1 . . Hackware 3 | . . . . . . . . . . . . . . . . . 1 . 1 . . 1 . . . Protection 51 | . . 3 5 1 2 . 2 7 . 3 . . . 4 7 1 2 4 2 . 7 1 . . . Artifact . | . . . . . . . . . . . . . . . . . . . . . . . . . . Weapon 116 | 1 . 7 8 5 9 . 11 12 8 5 1 1 . 2 10 1 . 5 10 2 16 . 2 . . Energy Gun 5 | . . . 2 1 . . . . . . . . . 1 1 . . . . . . . . . . Energy Cannon 21 | . . . 1 . . . 1 . . . . . . . . . . 5 8 2 3 . 1 . . Ballistic Gun 37 | 1 . 5 4 2 5 . 8 7 3 . . . . . . 1 . . 1 . . . . . . Ballistic Cannon 1 | . . . . . . . . . . . . . . . . . . . . . 1 . . . . Launcher 20 | . . 2 1 1 2 . 2 2 1 3 . 1 . . . . . . . . 5 . . . . Special Weapon . | . . . . . . . . . . . . . . . . . . . . . . . . . . Impact Weapon . | . . . . . . . . . . . . . . . . . . . . . . . . . . Slashing Weapon 15 | . . . . 1 2 . . 3 2 . . . . 1 . . . . . . 5 . 1 . . Piercing Weapon 13 | . . . . . . . . . 1 2 1 . . . 6 . . . 1 . 2 . . . . Special Melee Weapon 4 | . . . . . . . . . 1 . . . . . 3 . . . . . . . . . . Unidentified Prototypes 40 | . . . 3 1 5 1 2 2 1 . . 1 . 3 2 2 2 2 5 . 8 . . . . Corrupted Parts 1 | . . . . . . . . . . . . . . . . 1 . . . . . . . . . System Corruption 8 | . . . . . . . . . . . . . . . . 8 . . . . . . . . . Parts Lost 49 | . . 1 2 . 4 . 1 6 1 . . . . . 4 . . 10 1 . 14 . . 4 1 Power 6 | . . . . . 1 . . 1 . . . . . . . . . 1 . . 2 . . 1 . Propulsion 15 | . . . . . 1 . . 1 1 . . . . . 1 . . 4 . . 4 . . 2 1 Utility 25 | . . 1 2 . 2 . 1 3 . . . . . . 2 . . 5 1 . 7 . . 1 . Weapon 3 | . . . . . . . . 1 . . . . . . 1 . . . . . 1 . . . . Highest Loss Streak 5 | . . 1 1 . 4 . 1 1 1 . . . . . 2 . . 5 1 . 5 . . 4 5 To Critical Strikes 2 | . . . . . 2 . . . . . . . . . . . . . . . . . . . . Average Slot Usage (%) 95 | . 85 98 98 100 98 100 99 98 98 99 92 92 92 97 93 87 92 88 89 100 93 82 87 83 52 Engine 5 | . 14 14 11 11 4 . . 8 6 7 2 7 7 . . . . 4 . . . 5 5 4 . Core 2 | . . . . . 6 11 8 . . . . . . 3 . . . . . . 1 . . . . Reactor 1 | . . . . . . . . . . . . . . 2 6 6 5 . 4 5 3 . . . . Treads 17 | . . 24 33 33 33 33 27 26 17 . . . . . . . . . . . . . . . . Leg 1 | . 28 3 . . . . . . . . . . . . . . . . . . . . . . . Hover 2 | . . . . . . . . . . . . . . . . . . . 26 33 24 . . . . Flight 9 | . . . . . . . . . 12 29 30 30 30 40 39 40 40 38 3 1 8 23 23 21 11 Device 6 | . . 1 3 . 5 . 9 4 . 5 2 7 7 8 7 7 13 9 11 21 17 13 11 10 5 Storage 9 | . 14 14 11 11 12 11 9 9 7 7 7 7 7 6 6 6 6 6 5 5 4 5 5 4 . Processor 9 | . . . . . . 10 18 18 27 30 27 23 23 16 11 6 6 6 14 12 13 17 22 23 23 Protection 10 | . . 11 17 22 13 11 8 13 9 1 7 7 7 7 11 12 6 8 6 5 3 2 5 4 . Ballistic Gun 11 | . 28 27 15 20 17 . 16 12 4 7 4 . . . . . . . . . . . . . . Launcher 1 | . . . . . . 11 1 . 3 . . . . . . . . . . . . . . . . Slashing Weapon 1 | . . . . . 3 11 . 3 4 . . . . . . . . . . . 1 5 4 5 5 Piercing Weapon 1 | . . . . . . . . . . 6 7 7 7 6 4 6 6 6 3 . 1 5 5 5 5 Naked Turns . | . . . . . . . . . . . . . . . . . . . . . . . . . . Heaviest Build 121 | 10 15 25 37 37 100 76 121 117 111 25 21 25 21 31 37 35 34 30 50 54 76 27 27 27 6 Greatest Support 87 | 20 20 40 60 60 60 60 66 67 87 21 21 21 21 31 38 30 30 30 69 69 69 27 27 27 14 Greatest Overweight (x) 9 | . . . . . 1 1 1 2 5 6 . 1 . . 1 1 9 1 1 . 2 . . . . Average Overweight (x) . | . . . . . . 1 1 1 . . . . . . . . 3 . . . . . . . . Largest Inventory Capacity 25 | 8 10 10 15 15 20 20 25 25 25 10 10 10 10 10 10 10 10 10 10 10 15 10 10 10 5 Average Capacity 15 | 8 9 10 11 15 19 20 22 25 19 10 10 10 10 10 10 10 10 10 10 10 13 10 10 9 5 Most Carried 25 | 6 10 10 15 15 20 20 25 25 25 10 10 10 10 10 10 10 10 10 10 10 15 10 10 10 5 Average Carried 14 | 5 9 9 10 14 17 20 20 23 18 9 9 9 9 9 8 9 9 9 9 9 12 9 9 9 5 Final Capacity 25 | 8 10 10 15 15 20 20 25 25 10 10 10 10 10 10 10 10 10 10 10 10 10 10 10 5 5 Final Carried 25 | 5 10 10 15 15 20 20 25 25 10 10 10 10 10 10 9 10 10 9 10 10 10 10 10 5 5 Class Distribution -------------------- 45% | Scavenger-Mutant 30% | Mutant 7% | Scavenger-Sprinter 5% | Sprinter 4% | Scout 3% | Scavenger-Scout Dominant Class ---------------- Mutant | -10/Materials Mutant | -10/Mines Scavenger-Mutant | -9/Materials Scavenger-Mutant | -9/Mines Mutant | -9/Exiles Scavenger-Mutant | -8/Mines Scavenger-Mutant | -8/Materials Scavenger-Mutant | -8/Storage Scavenger-Mutant | -7/Factory Scavenger-Sprinter | -7/Lower Caves Sprinter | -7/Lower Caves Sprinter | -7/Zion Sprinter | -6/Proximity Caves Scout | -6/Factory Scavenger-Sprinter | -6/Extension Scavenger-Sprinter | -6/Cetus Scavenger-Mutant | -6/Archives Scavenger-Sprinter | -6/Hub_04(d) Mutant | -5/Factory Scavenger-Scout | -5/Waste Mutant | -5/Factory Scout | -5/Upper Caves Scout | -5/Upper Caves Scout | -5/Warlord Scout | -4/Proximity Caves Resources | -11 -10 -10 -9 -9 -9 -8 -8 -8 -7 -7 -7 -7 -6 -6 -6 -6 -6 -6 -5 -5 -5 -5 -5 -5 -4 ----------- Run | Jun Mat Min Mat Min Exi Min Mat Sto Fac Low Low Zio Pro Fac Ext Cet Arc Hub Fac Was Fac Upp Upp War Pro Matter Collected 7166 | 200 46 279 595 125 515 123 1075 1420 253 124 183 42 20 175 302 78 130 153 332 102 815 49 30 . . Remotely . | . . . . . . . . . . . . . . . . . . . . . . . . . . Salvage Created 11823 | . 98 338 666 63 558 118 2094 2603 405 83 163 . . 354 536 62 146 738 507 761 1437 . 93 . . Parts 702 | . 5 32 55 6 75 23 141 142 29 12 2 . . 18 12 3 14 36 18 11 64 . 4 . . Haulers Intercepted 24 | . 1 . 2 . . . 4 5 1 . . . . 1 . . . 2 3 . 5 . . . . Recyclers Shooed 5 | . 1 2 . . . 1 . . . . . . . . 1 . . . . . . . . . . Parts Field Recycled . | . . . . . . . . . . . . . . . . . . . . . . . . . . Retrieved Matter . | . . . . . . . . . . . . . . . . . . . . . . . . . . Parts Self-Destructed 22 | . . . . . . . . . . 15 . . 1 . . . . . . . . . 6 . . Prevented 6 | . . . . . . . . . . . . . 4 . . . . . . . . . 2 . . Kills | -11 -10 -10 -9 -9 -9 -8 -8 -8 -7 -7 -7 -7 -6 -6 -6 -6 -6 -6 -5 -5 -5 -5 -5 -5 -4 ------- Run | Jun Mat Min Mat Min Exi Min Mat Sto Fac Low Low Zio Pro Fac Ext Cet Arc Hub Fac Was Fac Upp Upp War Pro Combat Hostiles Destroyed 161 | . 1 7 17 3 6 7 37 40 6 6 . . . . 2 . . 3 2 . 24 . . . . Melee 14 | . . . . . 1 . . 7 2 . . . . . 2 . . . . . 2 . . . . Guns 69 | . 1 3 15 . . . 21 26 2 1 . . . . . . . . . . . . . . . Cannons 2 | . . . . . . . . . . . . . . . . . . . 1 . 1 . . . . AOE 74 | . . 4 2 3 5 7 16 7 2 5 . . . . . . . 2 . . 21 . . . . Classes Destroyed 27 | . 2 8 2 . 2 . 3 2 1 . 1 . . . . . . 3 . . 2 . 1 . . Worker 25 | . . 2 1 . . . 4 6 1 . . . . 1 . . . 4 2 . 4 . . . . Builder 16 | . . 1 2 . . 1 5 1 1 . . . . 1 . . . 1 . . 3 . . . . Tunneler 8 | . . 3 . . . 3 . . . . . . . . . . . . 1 . 1 . . . . Hauler 24 | . 1 . 2 . . . 4 5 1 . . . . 1 . . . 2 3 . 5 . . . . Recycler 13 | . . 2 . 1 . . 2 4 . . . . . 1 3 . . . . . . . . . . Minesweeper 1 | . . . . . . . . . . . 1 . . . . . . . . . . . . . . Mechanic 3 | . . . . . . . 1 1 . . . . . . . . . . . . 1 . . . . Operator 9 | . . . . . . . . 1 1 . . . . 2 . . 4 . . . 1 . . . . Turret 1 | . . . . . 1 . . . . . . . . . . . . . . . . . . . . Watcher 9 | . . . 1 . . . 1 2 . . . . . . . . . 3 1 . 1 . . . . Swarmer 36 | . . 3 6 3 . 7 7 3 . 6 . . . . . . . . . . 1 . . . . Cutter 3 | . . . . . . . 2 . . . . . . . . . . . . . 1 . . . . Saboteur 1 | . . . . . . . . . . . . . . . . . . . . . 1 . . . . Grunt 66 | . 1 . 6 . . . 22 23 4 . . . . . . . . 1 . . 9 . . . . Brawler 2 | . . . 1 . . . . 1 . . . . . . . . . . . . . . . . . Duelist 1 | . . . . . . . . 1 . . . . . . . . . . . . . . . . . Protector 2 | . . . . . . . . . . . . . . . . . . 1 . . 1 . . . . Sentry 25 | . . 2 4 . . . 5 12 1 . . . . . 1 . . . . . . . . . . Demolisher 1 | . . 1 . . . . . . . . . . . . . . . . . . . . . . . Specialist 4 | . . . . . . . . . . . . . . . . . . 1 . . 3 . . . . Hunter 4 | . . . . . . . . . . . . . . . . . . . . . 4 . . . . Programmer 6 | . . . . . . . . . 1 . . . . . . . . . 2 . 3 . . . . Heavy 2 | . . . . . . . 1 . . . . . . . . . . . . . 1 . . . . Enhanced Grunt 1 | . . . . . . . . . . . . . . . . . . 1 . . . . . . . Zionite 3 | . . . . . 3 . . . . . . . . . . . . . . . . . . . . Z-Light 1 | . . . . . . . . . . . . . . . . . . 1 . . . . . . . Packrat 2 | . . . . . . . . . . . 2 . . . . . . . . . . . . . . Samaritan 2 | . . . . . . . . . . . . . . . . . . . . . . . 2 . . Assembled 6 | . . 1 . . 5 . . . . . . . . . . . . . . . . . . . . Thug 1 | . . . . . . . . . . . . . . . 1 . . . . . . . . . . Best Kill Streak 14 | . 1 3 7 3 5 4 14 5 3 3 1 . . 3 2 . 1 5 4 . 12 . . . . Combat Bots Only 11 | . 1 3 4 3 5 4 9 4 3 3 . . . . 2 . . 3 2 . 11 . . . . Max Kills in Single Turn 4 | . 1 2 2 2 2 3 4 3 2 2 1 . . 1 1 1 1 3 1 . 4 . 1 . . Gunslinging . | . . . . . . . . . . . . . . . . . . . . . . . . . . Exploded 3 | . . 2 1 2 2 3 3 3 2 2 . . . . . . . 2 . . 3 . . . . Melee 1 | . . . . . 1 . . 1 1 . . . . . 1 . . . . . 1 . . . . Uniques/NPCs Destroyed 5 | . . . . . 4 . . . . . . . . . . 1 . . . . . . . . . 8R-AWN (-9/Exiles) EX-HEX (-9/Exiles) EX-DEC (-9/Exiles) EX-BIN (-9/Exiles) A7 (-6/Cetus) Combat | -11 -10 -10 -9 -9 -9 -8 -8 -8 -7 -7 -7 -7 -6 -6 -6 -6 -6 -6 -5 -5 -5 -5 -5 -5 -4 -------- Run | Jun Mat Min Mat Min Exi Min Mat Sto Fac Low Low Zio Pro Fac Ext Cet Arc Hub Fac Was Fac Upp Upp War Pro Damage Taken 11955 | . 121 555 740 76 877 118 1034 1886 251 291 78 . . 77 623 15 52 1518 141 . 2718 . 149 444 191 Core 2039 | . 21 72 93 9 96 14 78 195 39 52 . . . 25 104 . 26 212 17 . 683 . 51 98 154 Absorbed by Shields 206 | . . . . . . . . 13 . . . . . . 29 15 . . . . 149 . . . . Regen/Repaired (Parts) 496 | . . . . . . . . . . . . 98 . . 150 . . . . 73 84 . . 91 . Core Remaining (%) 67 | 100 . 62 . . . 47 . 50 . . . . 87 . . . . 56 . . . . . . . Volleys Fired 538 | . 14 30 62 3 45 4 85 117 7 9 . . . . . . . 16 60 14 70 . 2 . . Largest 2 | . 2 2 2 1 2 1 2 2 2 1 . . . . . . . 1 2 2 2 . 1 . . Hottest 98 | . 40 40 79 33 60 33 75 55 50 36 . . . . . . . 85 98 70 81 . 35 . . Shots Fired 831 | . 28 55 117 3 80 4 140 164 14 9 . . . . . . . 16 75 28 96 . 2 . . Gun 569 | . 28 50 113 . 77 . 126 156 14 5 . . . . . . . . . . . . . . . Cannon 200 | . . . . . . . 1 . . . . . . . . . . 16 75 28 78 . 2 . . Launcher 62 | . . 5 4 3 3 4 13 8 . 4 . . . . . . . . . . 18 . . . . Special . | . . . . . . . . . . . . . . . . . . . . . . . . . . Kinetic 544 | . 28 50 88 . 77 . 126 156 14 5 . . . . . . . . . . . . . . . Thermal 224 | . . . 25 . . . 1 . . . . . . . . . . 16 75 28 77 . 2 . . Explosive 62 | . . 5 4 3 3 4 13 8 . 4 . . . . . . . . . . 18 . . . . Electromagnetic 1 | . . . . . . . . . . . . . . . . . . . . . 1 . . . . Robot Hit Streak 24 | . 7 11 13 . 11 . 7 24 19 1 . . . . . . . . 8 13 18 . . . . Robot Miss Streak 7 | . 4 4 5 . 4 . 5 2 1 2 . . . . . . . . 7 1 3 . . . . Penetration Max 2 | . . . . . 2 . 2 2 . . . . . . . . . . . . . . . . . Secondary Targets 3 | . . . 1 . . . . 2 . . . . . . . . . . . . . . . . . Max Gunslinging Chain 1 | . . . 1 . . . . 1 . . . . . . . . . . . . . . . . . Shots Hit Robots 674 | . 18 38 71 2 58 6 82 153 23 2 6 . . 8 37 16 13 16 27 25 66 . 2 1 4 Core Hits 447 | . 5 25 33 5 29 9 82 90 13 8 2 . . 5 5 4 6 25 8 8 83 . 1 . 1 Critical Kills 36 | . . . . . 6 . 18 9 . . . . . . . . . . 2 1 . . . . . Critical Parts Destroyed 36 | . . . . . 10 . 18 8 . . . . . . . . . . . . . . . . . Critical Strikes 87 | . . . 1 . 18 . 37 22 . . 1 . . . . . 3 . 2 1 2 . . . . Burn 1 | . . . 1 . . . . . . . . . . . . . . . . . . . . . . Meltdown 3 | . . . . . . . . . . . . . . . . . . . 2 1 . . . . . Destroy 70 | . . . . . 16 . 37 17 . . . . . . . . . . . . . . . . . Sever 9 | . . . . . 2 . . 5 . . . . . . . . . . . . 2 . . . . Impale 4 | . . . . . . . . . . . 1 . . . . . 3 . . . . . . . . Melee Attacks 384 | . . . . 2 25 6 . 37 26 5 10 1 8 20 74 16 18 39 12 . 49 2 4 23 7 Impact . | . . . . . . . . . . . . . . . . . . . . . . . . . . Slashing 162 | . . . . 2 25 6 . 37 21 . . . . . . . . . . . 40 2 3 21 5 Piercing 197 | . . . . . . . . . 4 5 10 1 8 20 50 16 18 39 12 . 9 . 1 2 2 Sneak Attacks 95 | . . . . 2 . 6 . 9 2 . 3 . . 5 29 16 6 7 3 . 5 . 2 . . Combat Hostiles . | . . . . . . . . . . . . . . . . . . . . . . . . . . Follow-up Attacks 5 | . . . . . . . . . . . . . . . . . . . . . 3 . . . 2 Damage Inflicted 28109 | . 149 670 1268 371 1562 836 3126 4677 956 363 370 . . 548 663 837 673 1921 1064 836 6755 . 201 120 143 Guns 6366 | . 148 338 1071 . 634 . 1671 2249 225 30 . . . . . . . . . . . . . . . Cannons 2865 | . . . . . . . . . . . . . . . . . . . 811 836 1218 . . . . Explosions 9895 | . . 288 185 228 221 420 1444 1107 209 333 . . . . . . . 1074 59 . 4327 . . . . Melee 8796 | . . . . 132 622 416 . 1313 522 . 370 . . 548 663 837 673 847 194 . 1195 . 201 120 143 Ramming 187 | . 1 44 12 11 85 . 11 8 . . . . . . . . . . . . 15 . . . . Kinetic 6140 | . 148 338 845 . 634 . 1671 2249 225 30 . . . . . . . . . . . . . . . Thermal 4145 | . . . 226 . . . 184 . 209 . . . . . . . . . 870 836 1820 . . . . Explosive 7767 | . . 288 185 228 221 420 1260 1107 . 333 . . . . . . . . . . 3725 . . . . Electromagnetic 1074 | . . . . . . . . . . . . . . . . . . 1074 . . . . . . . Impact . | . . . . . . . . . . . . . . . . . . . . . . . . . . Slashing 4230 | . . . . 132 622 416 . 1313 420 . . . . . . . . . . . 926 . 201 120 80 Piercing 4566 | . . . . . . . . . 102 . 370 . . 548 663 837 673 847 194 . 269 . . . 63 Highest Corruption 16 | . . . . . . . . 8 . . 1 1 . 1 1 9 9 16 . . 1 1 1 1 . Average Corruption 3 | . . . . . . . . 6 . . 1 1 . 1 1 7 6 5 . . 1 1 1 1 . Corruption Purged 9 | . . . . . . . . . . . . . . . . . 9 . . . . . . . . Corruption Blocked 24 | . . . . . . . . . . . . . . . . . . . . . 24 . . . . Effects 101 | . . . . . . . . 48 . . . 1 . 2 8 8 5 16 . . 9 . 3 1 . Message Errors 24 | . . . . . . . . 13 . . . 1 . . 1 2 2 1 . . 3 . 1 . . Matter Fused 26 | . . . . . . . . 14 . . . . . 1 2 1 . 5 . . 2 . 1 . . Heat Flow Errors 18 | . . . . . . . . 8 . . . . . . 1 3 2 2 . . 1 . 1 . . Energy Discharges 9 | . . . . . . . . 5 . . . . . . . . . 4 . . . . . . . Parts Fused 1 | . . . . . . . . . . . . . . . . . . 1 . . . . . . . Data Loss (minor) 9 | . . . . . . . . 1 . . . . . 1 2 . 1 2 . . 1 . . 1 . Data Loss (major) 4 | . . . . . . . . 1 . . . . . . 2 1 . . . . . . . . . Misfires 5 | . . . . . . . . 3 . . . . . . . . . . . . 2 . . . . Alerts 3 | . . . . . . . . 2 . . . . . . . 1 . . . . . . . . . Misdirections 1 | . . . . . . . . . . . . . . . . . . 1 . . . . . . . Weapon Failures 1 | . . . . . . . . 1 . . . . . . . . . . . . . . . . . Overload Shots . | . . . . . . . . . . . . . . . . . . . . . . . . . . Overflow Damage 1717 | . . 31 11 31 . 198 8 91 54 . 166 . . 74 75 49 210 80 71 37 428 . 103 . . Projectiles 106 | . . . . . . . . . . . . . . . . . . . 10 37 59 . . . . Explosions 325 | . . 31 11 7 . . 8 36 . . . . . . . . . 10 29 . 193 . . . . Melee 1286 | . . . . 24 . 198 . 55 54 . 166 . . 74 75 49 210 70 32 . 176 . 103 . . Knockbacks 1 | . . . . . 1 . . . . . . . . . . . . . . . . . . . . Impact 1 | . . . . . 1 . . . . . . . . . . . . . . . . . . . . Kinetic . | . . . . . . . . . . . . . . . . . . . . . . . . . . Secondary . | . . . . . . . . . . . . . . . . . . . . . . . . . . Self-Inflicted Damage 711 | . . 112 28 35 31 74 21 78 . 37 . . . . . . . 288 . . 7 . . . . Shots 14 | . . 3 1 1 1 2 1 1 . 1 . . . . . . . 3 . . . . . . . Rammed 38 | . . 9 3 2 20 . 2 1 . . . . . . . . . . . . 1 . . . . Targets Rammed 42 | . 1 11 3 2 20 . 2 2 . . . . . . . . . . . . 1 . . . . Kicked 1 | . 1 . . . . . . . . . . . . . . . . . . . . . . . . Crushed 3 | . . 2 . . . . . 1 . . . . . . . . . . . . . . . . . Highest Temperature 457 | . 12 65 189 . 191 12 367 457 44 6 . . . 232 390 324 187 446 419 . 140 . 126 354 . Average Temperature 81 | . 7 21 53 . 63 5 82 103 19 2 . . . 57 89 136 94 67 175 . 31 . 73 195 . Received Heat Transfer 2367 | . 66 90 243 . 60 . 288 777 72 54 9 . . 9 140 . . 36 63 . 402 . . 58 . Effects 15 | . . . . . . . 3 5 . . . . . . 4 1 . 2 . . . . . . . Shutdowns 2 | . . . . . . . . 2 . . . . . . . . . . . . . . . . . Energy Bleed 2 | . . . . . . . 1 . . . . . . . 1 . . . . . . . . . . Interference 6 | . . . . . . . 1 . . . . . . . 3 . . 2 . . . . . . . Matter Decay 1 | . . . . . . . . 1 . . . . . . . . . . . . . . . . . Short Circuit 4 | . . . . . . . 1 2 . . . . . . . 1 . . . . . . . . . Siege Activations . | . . . . . . . . . . . . . . . . . . . . . . . . . . Robots Corrupted 1 | . . . . . . . . . . . . . . . . . . 1 . . . . . . . Combat Hostiles 1 | . . . . . . . . . . . . . . . . . . 1 . . . . . . . Parts Fried 11 | . . . . . . . . . . . . . . . . . . 11 . . . . . . . Impact Corruptions 1 | . . . . . . . . . . . . . . . . . . . . . 1 . . . . Robots Melted 4 | . . . . . . . . . . . . . . . . . . . 2 1 1 . . . . Combat Hostiles 2 | . . . . . . . . . . . . . . . . . . . 1 1 . . . . . Parts Melted 14 | . . . 1 . . . . . . . . . . . . . . . 8 1 4 . . . . Heat Transferred 5755 | . . . 555 . . . 150 . 150 . . . . . . . . . 1250 1300 2350 . . . . Parts Sabotaged 4 | . . . . . . . . . . . . . . . . . . . . . 4 . . . . Parts Stolen 1 | . . . . . . . . . . . 1 . . . . . . . . . . . . . . Parts Stripped . | . . . . . . . . . . . . . . . . . . . . . . . . . . Power Chain Reactions . | . . . . . . . . . . . . . . . . . . . . . . . . . . Missiles Intercepted . | . . . . . . . . . . . . . . . . . . . . . . . . . . Alert | -11 -10 -10 -9 -9 -9 -8 -8 -8 -7 -7 -7 -7 -6 -6 -6 -6 -6 -6 -5 -5 -5 -5 -5 -5 -4 ------- Run | Jun Mat Min Mat Min Exi Min Mat Sto Fac Low Low Zio Pro Fac Ext Cet Arc Hub Fac Was Fac Upp Upp War Pro Peak Influence 2671 | . 52 146 338 151 . 137 918 865 687 . . . . 653 696 847 414 1292 1228 431 2671 . . . . Initial 620 | . . 19 . 72 . . 9 387 377 . . . . 478 319 389 338 22 620 429 163 . . . . Average 375 | . 3 23 150 59 . 37 220 560 519 . . . . 569 462 510 233 768 907 377 1572 . . . . Maximum Alert Level 5 | . . . 1 . . . 3 3 2 . . . . 2 2 3 2 4 4 2 5 . . . . Low Security (%) 45 | 100 100 100 57 100 . 100 70 . . . . . . . . . 30 7 . . 12 . . . . Level 1 11 | . . . 42 . . . 5 6 8 . . . . . 35 12 41 4 . 26 3 . . . . Level 2 29 | . . . . . . . 12 78 91 . . . . 100 64 80 28 23 27 73 2 . . . . Level 3 6 | . . . . . . . 11 15 . . . . . . . 7 . 44 45 . 8 . . . . Level 4 2 | . . . . . . . . . . . . . . . . . . 19 26 . 21 . . . . Level 5 3 | . . . . . . . . . . . . . . . . . . . . . 50 . . . . High Security . | . . . . . . . . . . . . . . . . . . . . . . . . . . Max Security . | . . . . . . . . . . . . . . . . . . . . . . . . . . Squads Dispatched 54 | . 3 . . . . . 8 6 7 . . . . 1 3 . . 5 8 . 13 . . . . Investigation 15 | . 2 . . . . . 2 4 5 . . . . . 1 . . . 1 . . . . . . Extermination 2 | . . . . . . . . . 1 . . . . . . . . . 1 . . . . . . Reinforcement 27 | . 1 . . . . . 6 . 1 . . . . 1 1 . . 5 4 . 8 . . . . Assault 10 | . . . . . . . . 2 . . . . . . 1 . . . 2 . 5 . . . . Garrison . | . . . . . . . . . . . . . . . . . . . . . . . . . . Intercept . | . . . . . . . . . . . . . . . . . . . . . . . . . . Searches Triggered . | . . . . . . . . . . . . . . . . . . . . . . . . . . Construction Impeded 6 | . . . . . . . 2 . . . . . . . 1 . . 1 1 . 1 . . . . Haulers Reinforced 4 | . . . . . . . . . . . . . . . . . . . 2 . 2 . . . . Active Scanning Responses . | . . . . . . . . . . . . . . . . . . . . . . . . . . Cargo Convoy Interrupts 1 | . . . . . . . . . . . . . . . . . . . . . 1 . . . . Stealth | -11 -10 -10 -9 -9 -9 -8 -8 -8 -7 -7 -7 -7 -6 -6 -6 -6 -6 -6 -5 -5 -5 -5 -5 -5 -4 --------- Run | Jun Mat Min Mat Min Exi Min Mat Sto Fac Low Low Zio Pro Fac Ext Cet Arc Hub Fac Was Fac Upp Upp War Pro Distress Signals 15 | . . . 1 . . . 2 1 1 . . . . . 4 1 . . 2 . 3 . . . . Communications Jammed 3 | . . . . . . . . 2 . . . . . . . . . . . . 1 . . . . Distress Signals 3 | . . . . . . . . 2 . . . . . . . . . . . . 1 . . . . Times Spotted 463 | . 3 11 25 6 55 7 52 51 11 15 9 . 6 9 26 12 11 32 16 . 90 . 3 11 2 Peak Tracking Total 14 | . 2 5 5 3 11 4 8 5 3 4 7 . 4 6 8 5 2 12 5 . 14 . 3 11 2 Tactical Retreats 58 | . 1 1 1 1 24 . 2 . 3 4 1 . . 1 1 . . 4 5 . 8 . 1 . . Traps | -11 -10 -10 -9 -9 -9 -8 -8 -8 -7 -7 -7 -7 -6 -6 -6 -6 -6 -6 -5 -5 -5 -5 -5 -5 -4 ------- Run | Jun Mat Min Mat Min Exi Min Mat Sto Fac Low Low Zio Pro Fac Ext Cet Arc Hub Fac Was Fac Upp Upp War Pro Traps Triggered 17 | . 1 . 1 . . . . 3 . . . . . 1 4 . . 2 1 . 3 . . 1 . Indirectly 1 | . . . . . . . . . . . . . . . . . . 1 . . . . . . . Trap Hack Attempts 7 | . . . . . . . . . . . . . . . 7 . . . . . . . . . . Triggered . | . . . . . . . . . . . . . . . . . . . . . . . . . . Disarmed . | . . . . . . . . . . . . . . . . . . . . . . . . . . Reprogrammed . | . . . . . . . . . . . . . . . . . . . . . . . . . . Reused 5 | . . . . . . . . . . . 5 . . . . . . . . . . . . . . Traps Extracted . | . . . . . . . . . . . . . . . . . . . . . . . . . . Installed 9 | . . . . 4 . . . . . . 5 . . . . . . . . . . . . . . Triggered 2 | . . . . . . . . . . . 2 . . . . . . . . . . . . . . Most Traps Carried 1 | . . . . . . . . . . . 1 . . . . . . . . . . . . . . Exploded 3 | . . . . . 3 . . . . . . . . . . . . . . . . . . . . Machines | -11 -10 -10 -9 -9 -9 -8 -8 -8 -7 -7 -7 -7 -6 -6 -6 -6 -6 -6 -5 -5 -5 -5 -5 -5 -4 ---------- Run | Jun Mat Min Mat Min Exi Min Mat Sto Fac Low Low Zio Pro Fac Ext Cet Arc Hub Fac Was Fac Upp Upp War Pro Machines Disabled 66 | . . . 3 . 16 1 8 8 2 . . . . . 2 . 1 12 5 . 8 . . . . Max in Single Turn 5 | . . . 1 . 2 1 2 2 2 . . . . . 1 . . 5 2 . 4 . . . . Garrison Access 6 | . . . . . . . . 1 . . . . . . . . . . 2 . 3 . . . . Network Hub 4 | . . . . . . . . . . . . . . . . . . 4 . . . . . . . Machines Repaired . | . . . . . . . . . . . . . . . . . . . . . . . . . . Machines Sabotaged . | . . . . . . . . . . . . . . . . . . . . . . . . . . Overloaded Fab Kills . | . . . . . . . . . . . . . . . . . . . . . . . . . . Hacking | -11 -10 -10 -9 -9 -9 -8 -8 -8 -7 -7 -7 -7 -6 -6 -6 -6 -6 -6 -5 -5 -5 -5 -5 -5 -4 --------- Run | Jun Mat Min Mat Min Exi Min Mat Sto Fac Low Low Zio Pro Fac Ext Cet Arc Hub Fac Was Fac Upp Upp War Pro Machines Accessed 54 | . 2 . 6 1 2 . 3 14 10 1 1 . . . 6 1 . . 2 . 5 . . . . Terminals 28 | . 1 . 5 1 . . 3 9 3 . . . . . 5 1 . . . . . . . . . Fabricators 3 | . . . . . . . . . . . . . . . . . . . . . 3 . . . . Repair Stations 9 | . . . 1 . . . . 2 4 . . . . . 1 . . . . . 1 . . . . Recycling Units 4 | . 1 . . . . . . 2 1 . . . . . . . . . . . . . . . . Scanalyzers 1 | . . . . . . . . . 1 . . . . . . . . . . . . . . . . Garrison Access 5 | . . . . . . . . 1 1 . . . . . . . . . 2 . 1 . . . . Total Hacks 152 | . 3 . 20 4 2 . 13 43 27 1 1 . . . 13 1 . . 6 . 18 . . . . Successful 54 | . 1 . 8 2 2 . 4 15 8 1 1 . . . 3 1 . . . . 8 . . . . Failed 98 | . 2 . 12 2 . . 9 28 19 . . . . . 10 . . . 6 . 10 . . . . Catastrophic 16 | . . . . 2 . . 1 2 5 . . . . . 2 . . . 2 . 2 . . . . Database Lockouts . | . . . . . . . . . . . . . . . . . . . . . . . . . . Manual 172 | . 3 . 11 4 1 . 5 10 7 . . . . 22 26 1 . 18 30 . 34 . . . . Terminals 87 | . 2 . 17 4 . . 13 28 11 . . . . . 11 1 . . . . . . . . . Fabricators 10 | . . . . . . . . . . . . . . . . . . . . . 10 . . . . Repair Stations 32 | . . . 3 . . . . 8 12 . . . . . 2 . . . . . 7 . . . . Recycling Units 7 | . 1 . . . . . . 5 1 . . . . . . . . . . . . . . . . Scanalyzers 1 | . . . . . . . . . 1 . . . . . . . . . . . . . . . . Garrison Access 11 | . . . . . . . . 2 2 . . . . . . . . . 6 . 1 . . . . Terminal Hacks 30 | . . . 7 2 2 . 4 9 2 1 1 . . . 1 1 . . . . . . . . . Record 2 | . . . . . 1 . . . . . . . . . . 1 . . . . . . . . . Part Schematic 2 | . . . . 2 . . . . . . . . . . . . . . . . . . . . . Robot Schematic 1 | . . . . . . . . 1 . . . . . . . . . . . . . . . . . Robot Analysis 3 | . . . 3 . . . . . . . . . . . . . . . . . . . . . . Prototype ID Bank 1 | . . . 1 . . . . . . . . . . . . . . . . . . . . . . Open Door 5 | . . . . . . . . 2 . 1 1 . . . 1 . . . . . . . . . . Branch Access Points 2 | . . . . . . . 1 . 1 . . . . . . . . . . . . . . . . Terminal Index 1 | . . . . . . . . 1 . . . . . . . . . . . . . . . . . Alert Level 4 | . . . 1 . . . 1 2 . . . . . . . . . . . . . . . . . Unreport Threat 3 | . . . . . . . 1 2 . . . . . . . . . . . . . . . . . Locate Traps 3 | . . . 1 . . . 1 . 1 . . . . . . . . . . . . . . . . Hauler Manifests 1 | . . . . . . . . 1 . . . . . . . . . . . . . . . . . Zone Layout 1 | . . . 1 . . . . . . . . . . . . . . . . . . . . . . EX-Prototype ID Bank 1 | . . . . . 1 . . . . . . . . . . . . . . . . . . . . Fabricator Hacks 1 | . . . . . . . . . . . . . . . . . . . . . 1 . . . . Network Status 1 | . . . . . . . . . . . . . . . . . . . . . 1 . . . . Repair Station Hacks 11 | . . . 1 . . . . 2 3 . . . . . 2 . . . . . 3 . . . . Scan Component 8 | . . . 1 . . . . 2 3 . . . . . 1 . . . . . 1 . . . . Repair 2 | . . . . . . . . . . . . . . . 1 . . . . . 1 . . . . Refit 1 | . . . . . . . . . . . . . . . . . . . . . 1 . . . . Recycling Unit Hacks . | . . . . . . . . . . . . . . . . . . . . . . . . . . Scanalyzer . | . . . . . . . . . . . . . . . . . . . . . . . . . . Garrison Access Hacks 2 | . . . . . . . . 1 . . . . . . . . . . . . 1 . . . . Seal Access 2 | . . . . . . . . 1 . . . . . . . . . . . . 1 . . . . Unauthorized Hacks 10 | . 1 . . . . . . 3 3 . . . . . . . . . . . 3 . . . . Terminals 4 | . . . . . . . . 2 2 . . . . . . . . . . . . . . . . Botnet 2 | . . . . . . . . 2 . . . . . . . . . . . . . . . . . Detonate 2 | . . . . . . . . . 2 . . . . . . . . . . . . . . . . Fabricators 3 | . . . . . . . . . . . . . . . . . . . . . 3 . . . . Report 1 | . . . . . . . . . . . . . . . . . . . . . 1 . . . . Liberate 1 | . . . . . . . . . . . . . . . . . . . . . 1 . . . . Haulers 1 | . . . . . . . . . . . . . . . . . . . . . 1 . . . . Repair Stations . | . . . . . . . . . . . . . . . . . . . . . . . . . . Recycling Units 3 | . 1 . . . . . . 1 1 . . . . . . . . . . . . . . . . Reject 1 | . . . . . . . . 1 . . . . . . . . . . . . . . . . . Tunnel 2 | . 1 . . . . . . . 1 . . . . . . . . . . . . . . . . Scanalyzers . | . . . . . . . . . . . . . . . . . . . . . . . . . . Garrison Access . | . . . . . . . . . . . . . . . . . . . . . . . . . . Data Cores Recovered 1 | . . . . . . . . 1 . . . . . . . . . . . . . . . . . Used 1 | . . . . . . . . 1 . . . . . . . . . . . . . . . . . Hacking Detections 43 | . 1 . 6 1 . . 3 14 9 . . . . . 4 . . . 2 . 3 . . . . Full Trace Events 11 | . . . . . . . 2 4 4 . . . . . 1 . . . . . . . . . . Feedback Events . | . . . . . . . . . . . . . . . . . . . . . . . . . . Feedback Blocked . | . . . . . . . . . . . . . . . . . . . . . . . . . . Robot Schematics Acquired 13 | . . . . . . . . 1 . . . 3 . . 5 . . . . . 4 . . . . Robots Built . | . . . . . . . . . . . . . . . . . . . . . . . . . . Authchips . | . . . . . . . . . . . . . . . . . . . . . . . . . . Time . | . . . . . . . . . . . . . . . . . . . . . . . . . . Total Robot Build Rating . | . . . . . . . . . . . . . . . . . . . . . . . . . . Part Schematics Acquired 42 | . . . . 2 . . . . . . . 14 . . 11 . . . . . 15 . . . . Parts Built . | . . . . . . . . . . . . . . . . . . . . . . . . . . Authchips . | . . . . . . . . . . . . . . . . . . . . . . . . . . Time . | . . . . . . . . . . . . . . . . . . . . . . . . . . Total Part Build Rating . | . . . . . . . . . . . . . . . . . . . . . . . . . . Parts Repaired 2 | . . . . . . . . . . . . . . . 1 . . . . . 1 . . . . Time 41 | . . . . . . . . . . . . . . . 19 . . . . . 22 . . . . Parts Recycled . | . . . . . . . . . . . . . . . . . . . . . . . . . . Recycled Matter . | . . . . . . . . . . . . . . . . . . . . . . . . . . Retrieved Matter . | . . . . . . . . . . . . . . . . . . . . . . . . . . Retrieved Components . | . . . . . . . . . . . . . . . . . . . . . . . . . . Parts Scanalyzed . | . . . . . . . . . . . . . . . . . . . . . . . . . . Part Schematics Acquired . | . . . . . . . . . . . . . . . . . . . . . . . . . . Parts Damaged . | . . . . . . . . . . . . . . . . . . . . . . . . . . Bothacking | -11 -10 -10 -9 -9 -9 -8 -8 -8 -7 -7 -7 -7 -6 -6 -6 -6 -6 -6 -5 -5 -5 -5 -5 -5 -4 ------------ Run | Jun Mat Min Mat Min Exi Min Mat Sto Fac Low Low Zio Pro Fac Ext Cet Arc Hub Fac Was Fac Upp Upp War Pro Used RIF Installer . | . . . . . . . . . . . . . . . . . . . . . . . . . . Robots Hacked . | . . . . . . . . . . . . . . . . . . . . . . . . . . Non-combat . | . . . . . . . . . . . . . . . . . . . . . . . . . . Combat . | . . . . . . . . . . . . . . . . . . . . . . . . . . Robot Hacks Applied . | . . . . . . . . . . . . . . . . . . . . . . . . . . Relay Couplers Released 1 | . . . . . . . . . . . . . . . . . . . 1 . . . . . . Machine Destruction 1 | . . . . . . . . . . . . . . . . . . . 1 . . . . . . Fabnet Peak Effective % . | . . . . . . . . . . . . . . . . . . . . . . . . . . Robots Rewired 14 | . . . . . . . . . . . . . . . 13 1 . . . . . . . . . Allies Hacked 1 | . . . . . . . . . . . . . . . . . . . . . 1 . . . . Hacks Repelled . | . . . . . . . . . . . . . . . . . . . . . . . . . . Allies | -11 -10 -10 -9 -9 -9 -8 -8 -8 -7 -7 -7 -7 -6 -6 -6 -6 -6 -6 -5 -5 -5 -5 -5 -5 -4 -------- Run | Jun Mat Min Mat Min Exi Min Mat Sto Fac Low Low Zio Pro Fac Ext Cet Arc Hub Fac Was Fac Upp Upp War Pro Total Allies 83 | . . . . 3 . . . . . . . 4 . 6 28 6 . 5 5 20 6 . . . . Largest Group 24 | . . . . 3 2 . . . . . . 4 4 3 16 13 12 10 3 20 24 . . . . Highest-Rated Group 1010 | . . . . 40 32 . . . . . . 160 160 210 525 865 713 746 210 742 1010 . . . . Highest-Rated Ally 159 | . . . . 16 16 . . . . . . 41 41 70 159 159 96 96 85 46 140 . . . . Zionite Dispatches 13 | . . . . . . . . . . . . . . 2 4 . . 2 2 . 3 . . . . Heavy 2 | . . . . . . . . . . . . . . . . . . . 1 . 1 . . . . Light 4 | . . . . . . . . . . . . . . 1 1 . . 1 1 . . . . . . Recon 2 | . . . . . . . . . . . . . . . 2 . . . . . . . . . . Fire 2 | . . . . . . . . . . . . . . 1 1 . . . . . . . . . . Hacker 1 | . . . . . . . . . . . . . . . . . . . . . 1 . . . . Demo 1 | . . . . . . . . . . . . . . . . . . 1 . . . . . . . Hero 1 | . . . . . . . . . . . . . . . . . . . . . 1 . . . . Total Orders 10 | . . . . . 1 . . . . . . . . . 5 . . 4 . . . . . . . STAY 6 | . . . . . 1 . . . . . . . . . 2 . . 3 . . . . . . . FOLLOW 2 | . . . . . . . . . . . . . . . 1 . . 1 . . . . . . . EXPLORE 2 | . . . . . . . . . . . . . . . 2 . . . . . . . . . . Ally Attacks 677 | . . . . 7 4 . . . . . . . 14 26 219 61 30 64 43 . 209 . . . . Total Damage 17777 | . . . . 66 3 . . . . . . . 804 596 4506 1561 1095 1892 1431 . 5823 . . . . Kills 120 | . . . . 2 . . . . . . . . 4 3 33 12 4 16 6 . 40 . . . . Allies Corrupted 3 | . . . . . . . . . . . . . . . . . . 1 . . 2 . . . . Allies Melted 1 | . . . . . . . . . . . . . . 1 . . . . . . . . . . . Intel | -11 -10 -10 -9 -9 -9 -8 -8 -8 -7 -7 -7 -7 -6 -6 -6 -6 -6 -6 -5 -5 -5 -5 -5 -5 -4 ------- Run | Jun Mat Min Mat Min Exi Min Mat Sto Fac Low Low Zio Pro Fac Ext Cet Arc Hub Fac Was Fac Upp Upp War Pro Robot Analysis Total 3 | . . . 3 . . . . . . . . . . . . . . . . . . . . . . Derelict Logs Recovered 13 | . . . . 3 . . . . . 1 2 1 3 . . . . . . . . 1 2 . . Drone Launches 2 | . . . . . . . . . . . . . . . 2 . . . . . . . . . . Drone Recoveries . | . . . . . . . . . . . . . . . . . . . . . . . . . . Zionite Intel Received 19 | . . . . . . . . . . . . . . 3 3 . . 2 5 . 6 . . . . Main Access 2 | . . . . . . . . . . . . . . . 1 . . . . . 1 . . . . Branch Access 1 | . . . . . . . . . . . . . . 1 . . . . . . . . . . . Emergency Access 1 | . . . . . . . . . . . . . . . . . . 1 . . . . . . . Guard Positions 1 | . . . . . . . . . . . . . . . . . . . 1 . . . . . . Component Stockpiles 2 | . . . . . . . . . . . . . . 1 . . . . . . 1 . . . . Prototype Stockpiles 2 | . . . . . . . . . . . . . . . . . . . 1 . 1 . . . . Component Schematics 1 | . . . . . . . . . . . . . . . . . . . . . 1 . . . . Prototype Schematics 1 | . . . . . . . . . . . . . . . 1 . . . . . . . . . . Unaware Schematics 2 | . . . . . . . . . . . . . . . 1 . . . . . 1 . . . . Trap Installations 1 | . . . . . . . . . . . . . . . . . . . 1 . . . . . . Active Terminals 1 | . . . . . . . . . . . . . . . . . . . 1 . . . . . . Active Garrisons 2 | . . . . . . . . . . . . . . . . . . 1 . . 1 . . . . Depthwide Sectors/-1 2 | . . . . . . . . . . . . . . 1 . . . . 1 . . . . . . Exploration | -11 -10 -10 -9 -9 -9 -8 -8 -8 -7 -7 -7 -7 -6 -6 -6 -6 -6 -6 -5 -5 -5 -5 -5 -5 -4 ------------- Run | Jun Mat Min Mat Min Exi Min Mat Sto Fac Low Low Zio Pro Fac Ext Cet Arc Hub Fac Was Fac Upp Upp War Pro Turns Passed 23923 | 2 1393 1793 1643 1268 2826 1319 1842 2863 842 256 261 567 214 314 1155 275 1151 582 579 547 1194 219 644 163 11 Spaces Moved 17315 | 1 284 1012 825 763 1231 540 496 907 1001 507 458 1075 623 561 1295 170 404 1186 905 377 1871 310 289 216 8 Core 182 | . . . . . . . . . . 13 . . . . . . 169 . . . . . . . . Treads 5793 | . . 850 825 763 1231 540 496 907 181 . . . . . . . . . . . . . . . . Legs 447 | 1 284 162 . . . . . . . . . . . . . . . . . . . . . . . Wheels . | . . . . . . . . . . . . . . . . . . . . . . . . . . Hover 2376 | . . . . . . . . . . . . . . . . . . . 789 377 1210 . . . . Flight 8517 | . . . . . . . . . 820 494 458 1075 623 561 1295 170 235 1186 116 . 661 310 289 216 8 Fastest Speed 6 | 120 120 120 160 160 160 240 225 230 26 26 27 27 27 20 6 20 20 20 26 31 19 23 23 23 27 Average Speed 92 | 120 120 153 160 160 205 240 235 232 64 35 27 27 27 20 37 33 225 20 32 31 32 23 23 24 27 Slowest Speed 560 | 120 120 160 160 160 240 240 240 317 560 350 27 97 27 20 92 88 500 89 104 31 141 23 23 27 27 Overloaded Moves 6 | . . . . . . . . . . . . . . . 6 . . . . . . . . . . Propulsion Burnouts . | . . . . . . . . . . . . . . . . . . . . . . . . . . Robots Hopped 10 | . . . . . . . . . . 6 . . . . . . . 3 . . 1 . . . . Cave-ins Triggered . | . . . . . . . . . . . . . . . . . . . . . . . . . . Time Travels 1 | . . . . . 1 . . . . . . . . . . . . . . . . . . . . Exploration Rate (%) 59 | 2 34 96 43 98 92 99 54 93 22 69 60 90 70 13 80 61 81 84 32 93 50 56 50 27 2 Regions Visited 25 Branch Regions 17 Pre-discovered Areas 18 | . 1 1 . 3 1 . . . 1 . . 1 . 5 . . . . 5 . . . . . . Known Exits Taken 13 | . . . . . . . 1 . 1 1 1 1 1 1 1 . . 1 . . 1 1 1 1 . Unknown Exits Taken 10 | 1 1 1 1 1 1 1 . 1 . . . . . . . 1 1 . . . . . . . . Scrap Searched 22 | . . 3 . 1 . 1 . . . 4 2 4 3 . . . . . . . . 2 2 . . Spaces Dug 230 | . . 9 3 20 2 6 2 4 12 28 3 . 7 9 5 . . 18 57 . 26 2 3 14 . Terrain Destroyed 1340 | . . 34 18 29 23 25 180 121 31 52 3 . 7 9 5 . . 541 81 2 160 2 3 14 . Melee 100 | . . . . . 2 . . 4 12 5 3 . 7 9 5 . . 16 8 . 12 2 1 14 . Projectile 146 | . . . . . 6 . 34 20 . . . . . . . . . 10 44 2 28 . 2 . . AOE 1090 | . . 34 18 29 13 25 145 96 19 47 . . . . . . . 515 29 . 120 . . . . Terrain Rammed . | . . . . . . . . . . . . . . . . . . . . . . . . . . Walls Destroyed . | . . . . . . . . . . . . . . . . . . . . . . . . . . Machines Disabled . | . . . . . . . . . . . . . . . . . . . . . . . . . . Actions | -11 -10 -10 -9 -9 -9 -8 -8 -8 -7 -7 -7 -7 -6 -6 -6 -6 -6 -6 -5 -5 -5 -5 -5 -5 -4 --------- Run | Jun Mat Min Mat Min Exi Min Mat Sto Fac Low Low Zio Pro Fac Ext Cet Arc Hub Fac Was Fac Upp Upp War Pro Total 24059 | 2 1314 1198 1043 801 1414 550 1098 1484 1159 558 581 1350 657 730 1879 364 609 1450 1095 779 2305 455 862 309 13 Wait 4747 | . 1007 107 82 18 35 . 442 359 53 23 90 264 20 116 298 167 165 156 51 364 181 139 552 58 . Move 17275 | . 283 1011 824 762 1230 539 495 906 1000 497 457 1074 622 560 1294 169 403 1180 905 376 1868 309 288 215 8 Hop 6 | . . . . . . . . . . 3 . . . . . . . 2 . . 1 . . . . Pick Up 174 | . 6 9 14 1 10 . 22 11 10 4 8 3 3 6 8 . 1 5 11 5 26 . 7 4 . Fast Attach 125 | . 1 2 7 1 8 . 4 7 12 . 1 1 . 7 4 3 8 6 18 4 28 2 1 . . Attach 85 | 1 . 2 5 . 7 . 4 8 3 2 . . . 3 17 1 2 10 9 1 10 . . . . Detach 59 | . . 1 2 . 9 . 1 1 4 . . 1 . 1 11 3 1 9 5 1 7 2 . . . Swap 179 | . . 12 18 6 12 1 20 21 12 11 2 2 1 7 11 1 4 1 5 5 25 . 2 . . Drop 254 | 1 2 13 26 2 13 . 23 11 32 4 8 4 3 10 8 2 7 8 19 9 30 1 7 11 . Fire 538 | . 14 30 62 3 45 4 85 117 7 9 . . . . . . . 16 60 14 70 . 2 . . Melee 375 | . . . . 2 25 6 . 37 26 5 10 1 8 20 74 16 18 39 12 . 45 2 3 21 5 Ram 1 | . . . . . . . . . . . . . . . . . . . . . 1 . . . . Kick 1 | . 1 . . . . . . . . . . . . . . . . . . . . . . . . Crush 40 | . . 11 3 2 20 . 2 2 . . . . . . . . . . . . . . . . . Escape Stasis 118 | . . . . . . . . 4 . . . . . . 83 . . 18 . . 13 . . . . Rewire 66 | . . . . . . . . . . . . . . . 64 2 . . . . . . . . . Trap 16 | . . . . 4 . . . . . . 5 . . . 7 . . . . . . . . . . Miscellaneous . | . . . . . . . . . . . . . . . . . . . . . . . . . . Route ------- -11/Junkyard -10/Materials (discovered 2 exits: *Mat / [*Min]) -10/Mines (discovered 2 exits: *Mat x2) -9/Materials (discovered 2 exits: *Mat / *Min) -9/Mines (discovered 3 exits: *Mat x2 / *Exi) -9/Exiles -8/Mines (discovered 2 exits: *Mat x2) -8/Materials (discovered 4 exits: *Fac x2 / *Sto x2) -8/Storage -7/Factory (discovered 2 exits: *Low x2) -7/Lower Caves -7/Lower Caves (discovered 2 exits: *Fac / *Zio) -7/Zion -6/Proximity Caves -6/Factory (discovered 6 exits: *Fac x2 / *Low x2 / *Ext x2) -6/Extension (discovered 3 exits: *Fac x2 / *Cet) -6/Cetus -6/Archives (discovered 3 exits: *Fac / *Hub x2) -6/Hub_04(d) (discovered 4 exits: *Fac x4) -5/Factory (discovered 3 exits: *Fac x2 / *Upp) -5/Waste -5/Factory (discovered 5 exits: *Fac x4 / *Upp) -5/Upper Caves -5/Upper Caves (discovered 2 exits: *Fac / *War) -5/Warlord -4/Proximity Caves History --------- Turn | Location | Event 3 | -11/Junkyard | Discovered new exit (range 0) 3 | -11/Junkyard | Entered Materials 19 | -10/Materials | Discovered new exit (range 14) 306 | -10/Materials | Build established: Mutant 1345 | -10/Materials | Discovered new exit (range 10) 1396 | -10/Materials | Entered Mines 1426 | -10/Mines | Received a Rocket Launcher from a helpful Derelict 1496 | -10/Mines | Discovered new exit (range 5) 1796 | -10/Mines | Discovered new exit (range 5) 1826 | -10/Mines | Assembled infested the area 2811 | -10/Mines | Learned location of Storage (-8) 3189 | -10/Mines | Entered Materials 3189 | -9/Materials | Evolved 2 slots: Propulsion x1, Utility x1 3691 | -9/Materials | Build established: Scavenger-Mutant 4189 | -9/Materials | Discovered new exit (range 15) 4790 | -9/Materials | Discovered new exit (range 13) 4832 | -9/Materials | Entered Mines 4992 | -9/Mines | Found a hidden stash of uninstalled traps 5117 | -9/Mines | A weapon hastily lodged in a ceiling crevice suddenly fell to the ground 5141 | -9/Mines | Deemed a non-threat by the Exiles lab entrance 5143 | -9/Mines | Discovered new exit (range 5) 5311 | -9/Mines | Found a damaged Exp. Sensor Array with a note attached 5315 | -9/Mines | Found Prototype Device 5315 | -9/Mines | Identified Exp. Sensor Array 5382 | -9/Mines | Learned location of Zion (-7) 5529 | -9/Mines | Discovered new exit (range 5) 5721 | -9/Mines | Discovered new exit (range 14) 5752 | -9/Mines | Assisted by bots powering up and referring to "LRC-V3" 6100 | -9/Mines | Entered Exiles 6100 | -9/Exiles | Accompanied by 2 allies 6139 | -9/Exiles | Met 8R-AWN 6168 | -9/Exiles | Met EX-HEX 6227 | -9/Exiles | Met EX-DEC 6286 | -9/Exiles | Discovered new exit (range 14) 6612 | -9/Exiles | Met EX-BIN 6631 | -9/Exiles | Aligned with FarCom system 6633 | -9/Exiles | Given EX-Vault access code 6690 | -9/Exiles | Opened EX-Vault 6698 | -9/Exiles | Found Chronowheel 6701 | -9/Exiles | Found Cloak of Protection 6732 | -9/Exiles | Warned to stay clear of 0b10 Research branches 6922 | -9/Exiles | Activated Chronowheel 6922 | -9/Exiles | Spacetime reconverged on an earlier point 7028 | -9/Exiles | Attacked by the Exiles 7180 | -9/Exiles | Build established: Mutant 7210 | -9/Exiles | Destroyed 8R-AWN 7218 | -9/Exiles | Lost 4 parts (1p1n2u) 7222 | -9/Exiles | Found Prototype Ballistic Gun 7222 | -9/Exiles | Identified 8R-AWN's Boregun 7228 | -9/Exiles | Found 8R-AWN's Boregun 7232 | -9/Exiles | Found Prototype Processor 7236 | -9/Exiles | Found Prototype Device 7236 | -9/Exiles | Identified AS-neutralizer No. 17b 7902 | -9/Exiles | Destroyed EX-HEX 7983 | -9/Exiles | Destroyed EX-DEC 8148 | -9/Exiles | Found Prototype Processor 8149 | -9/Exiles | Destroyed EX-BIN 8610 | -9/Exiles | Build established: Scavenger-Mutant 8878 | -9/Exiles | Found Prototype Protection 8926 | -9/Exiles | Entered Mines 8965 | -8/Mines | Identified Exp. Targeting Computer 9965 | -8/Mines | Discovered new exit (range 11) 9966 | -8/Mines | Core integrity fell below 50% 10213 | -8/Mines | Discovered new exit (range 6) 10245 | -8/Mines | Entered Materials 10245 | -8/Materials | Evolved 2 slots: Utility x2 10245 | -8/Materials | Identified Exp. Core Analyzer 10263 | -8/Materials | Identified exit to Storage 11662 | -8/Materials | Destroyed 9 combat bots 11672 | -8/Materials | Discovered new exit (range 16) 11905 | -8/Materials | Discovered new exit (range 16) 12087 | -8/Materials | Entered Storage 13287 | -8/Storage | First assault squad dispatched 14247 | -8/Storage | Build established: Mutant 14275 | -8/Storage | Discovered new exit (range 16) 14950 | -8/Storage | Entered Factory 14950 | -7/Factory | Evolved 2 slots: Propulsion x1, Utility x1 14982 | -7/Factory | Identified exit to Lower Caves 15261 | -7/Factory | Build established: Scavenger-Mutant 15741 | -7/Factory | Build established: Scavenger-Sprinter 15792 | -7/Factory | Entered Lower Caves 15803 | -7/Lower Caves | Learned Factory terminal intel 15951 | -7/Lower Caves | Spotted B-75 Beast 15954 | -7/Lower Caves | Encountered a Warlord checkpoint 16031 | -7/Lower Caves | Discovered new exit (range 9) 16043 | -7/Lower Caves | Identified exit to Lower Caves 16048 | -7/Lower Caves | Entered another Lower Caves area 16066 | -7/Lower Caves | Encountered a Warlord checkpoint 16072 | -7/Lower Caves | Identified exit to Zion 16128 | -7/Lower Caves | Discovered new exit (range 7) 16141 | -7/Lower Caves | Identified exit to Factory 16183 | -7/Lower Caves | Learned location of 1 exit from Factory 16229 | -7/Lower Caves | Attacked by a faux Warlord 16309 | -7/Lower Caves | Entered Zion 16318 | -7/Zion | Received a visual enhancement algorithm 16322 | -7/Zion | Discovered new exit (range 16) 16343 | -7/Zion | System corruption cleaned by Quarantine Array 16413 | -7/Zion | Learned location of 1 exit from Proximity Caves 16434 | -7/Zion | Learned location of Quarantine (-2) 16477 | -7/Zion | Build established: Sprinter 16509 | -7/Zion | Found CR-A16's Pointy Stick 16556 | -7/Zion | Given A8's code to call for help 16611 | -7/Zion | Imprinted 16613 | -7/Zion | Declared Zion's savior 16666 | -7/Zion | Identified exit to Proximity Caves 16876 | -7/Zion | Entered Proximity Caves 16876 | -6/Proximity Caves | Accompanied by 4 allies 16879 | -6/Proximity Caves | Spotter reported a threat 16885 | -6/Proximity Caves | Spotter reported a threat 16938 | -6/Proximity Caves | Spotter reported a threat 17035 | -6/Proximity Caves | Learned 4 Factory zone layouts 17081 | -6/Proximity Caves | Learned Factory garrison access intel 17084 | -6/Proximity Caves | Learned Factory stockpile data 17090 | -6/Proximity Caves | Entered Factory 17090 | -6/Factory | Evolved 2 slots: Propulsion x2 17091 | -6/Factory | Identified exit to Factory 17094 | -6/Factory | Loaded intel: 28 terminal locations 17095 | -6/Factory | Loaded intel: 3 garrison access locations 17175 | -6/Factory | Retrieved Zion intel report: Branch Access 17175 | -6/Factory | Identified exit to Lower Caves 17175 | -6/Factory | Identified exit to Extension 17176 | -6/Factory | Zion Light squad teleported in 17282 | -6/Factory | Discovered exit to Factory (range 16) 17348 | -6/Factory | Found Prototype Protection 17349 | -6/Factory | Identified Zio. Weapon Casing 17370 | -6/Factory | Retrieved Zion intel report: Component Stockpiles 17371 | -6/Factory | Zion Fire squad teleported in 17376 | -6/Factory | Retrieved Zion intel report: Depthwide Sectors/-1 17404 | -6/Factory | Entered Extension 17404 | -6/Extension | Accompanied by 3 allies 17415 | -6/Extension | Zion Light squad teleported in 17416 | -6/Extension | Zion Recon squad teleported in 17649 | -6/Extension | Retrieved Zion intel report: Prototype Schematics 17651 | -6/Extension | Retrieved Zion intel report: Unaware Schematics 17673 | -6/Extension | Repaired Imp. Light Armor Plating 17688 | -6/Extension | Rescued a captive Derelict 17701 | -6/Extension | Rescued a captive Derelict 17701 | -6/Extension | Rescued a captive Derelict 17987 | -6/Extension | Spotted B-75 Beast 18006 | -6/Extension | Allies destroyed B-75 Beast 18009 | -6/Extension | Spotted B-75 Beast 18038 | -6/Extension | Allies destroyed B-75 Beast 18191 | -6/Extension | Rescued A7 18212 | -6/Extension | Retrieved Zion intel report: Main Access 18213 | -6/Extension | Zion Recon squad teleported in 18238 | -6/Extension | Rescued a captive Derelict 18239 | -6/Extension | Rescued a captive Derelict 18249 | -6/Extension | Rescued a captive Derelict 18291 | -6/Extension | Zion Fire squad teleported in 18454 | -6/Extension | First assault squad dispatched 18511 | -6/Extension | Rescued a captive Derelict 18519 | -6/Extension | Discovered new exit (range 6) 18524 | -6/Extension | Identified exit to Cetus 18559 | -6/Extension | Entered Cetus 18559 | -6/Cetus | Accompanied by 8 allies (A7) 18564 | -6/Cetus | Acquired a Cetus Manufacturing Module code from A7 18577 | -6/Cetus | Spotted Cetus Guard 18577 | -6/Cetus | Spotted Cetus Guard 18582 | -6/Cetus | Spotted Cetus Guard 18582 | -6/Cetus | Spotted Cetus Guard 18592 | -6/Cetus | Allies destroyed Cetus Guard 18594 | -6/Cetus | Allies destroyed Cetus Guard 18598 | -6/Cetus | Allies destroyed Cetus Guard 18601 | -6/Cetus | Rewired Cetus Guard 18616 | -6/Cetus | Started Cetus Manufacturing Module 18626 | -6/Cetus | Discovered new exit (range 15) 18641 | -6/Cetus | Manufactured an Enhanced Grunt 18666 | -6/Cetus | Manufactured an Enhanced Grunt 18691 | -6/Cetus | Manufactured an Enhanced Grunt 18716 | -6/Cetus | Manufactured an Enhanced Grunt 18741 | -6/Cetus | Manufactured an Enhanced Grunt 18813 | -6/Cetus | Destroyed A7 18815 | -6/Cetus | Extracted ID and sensor layout for unrecognized location from A7's data core 18834 | -6/Cetus | Entered Archives 18834 | -6/Archives | Accompanied by 12 allies 18889 | -6/Archives | Discovered new exit (range 14) 18943 | -6/Archives | Found Prototype Device 18943 | -6/Archives | Identified Exp. Thermal Shield 19040 | -6/Archives | Discovered exit to Factory (range 14) 19041 | -6/Archives | Discovered new exit (range 15) 19377 | -6/Archives | Build established: Scavenger-Mutant 19985 | -6/Archives | Entered Hub_04(d) 19985 | -6/Hub_04(d) | Accompanied by 5 allies 20001 | -6/Hub_04(d) | Zion Light squad teleported in 20004 | -6/Hub_04(d) | Zion Demo squad teleported in 20169 | -6/Hub_04(d) | Retrieved Zion intel report: Active Garrisons 20179 | -6/Hub_04(d) | Discovered exit to Factory (range 5) 20194 | -6/Hub_04(d) | Discovered exit to Factory (range 15) 20326 | -6/Hub_04(d) | Build established: Scavenger-Sprinter 20341 | -6/Hub_04(d) | Discovered exit to Factory (range 9) 20350 | -6/Hub_04(d) | Retrieved Zion intel report: Emergency Access 20357 | -6/Hub_04(d) | Discovered exit to Factory (range 10) 20399 | -6/Hub_04(d) | Network Hub disabled 20446 | -6/Hub_04(d) | Spotted Lightning 20446 | -6/Hub_04(d) | Spotted Lightning 20450 | -6/Hub_04(d) | Spotted Lightning 20452 | -6/Hub_04(d) | Network Hub disabled 20462 | -6/Hub_04(d) | System corruption reached 10% 20485 | -6/Hub_04(d) | Network Hub disabled 20489 | -6/Hub_04(d) | Lost 4 parts (1p1n2u) 20537 | -6/Hub_04(d) | Network Hub disabled 20540 | -6/Hub_04(d) | Spotted Lightning 20540 | -6/Hub_04(d) | Spotted Lightning 20567 | -6/Hub_04(d) | Entered Factory 20567 | -5/Factory | Evolved 2 slots: Utility x2 20587 | -5/Factory | Lost 5 parts (2n3u) 20742 | -5/Factory | Discovered new exit (range 9) 20746 | -5/Factory | Identified exit to Factory 20751 | -5/Factory | Retrieved Zion intel report: Active Terminals 20764 | -5/Factory | Retrieved Zion intel report: Guard Positions 20765 | -5/Factory | Zion Heavy squad teleported in 20902 | -5/Factory | Build established: Mutant 20925 | -5/Factory | Retrieved Zion intel report: Depthwide Sectors/-1 20926 | -5/Factory | Zion Light squad teleported in 20956 | -5/Factory | P-70 Sage assimilated allied BU-4NK(z) 21065 | -5/Factory | Discovered exit to Factory (range 12) 21078 | -5/Factory | Retrieved Zion intel report: Trap Installations 21096 | -5/Factory | Discovered new exit (range 8) 21098 | -5/Factory | Identified exit to Upper Caves 21114 | -5/Factory | Retrieved Zion intel report: Prototype Stockpiles 21146 | -5/Factory | Manually triggered Chute Trap 21146 | -5/Factory | Sucked down chute 21146 | -5/Factory | Entered Waste 21147 | -5/Waste | Joined by Warlord forces that had cleared the area 21156 | -5/Waste | Found Adv. Force Booster 21220 | -5/Waste | Discovered new exit (range 18) 21431 | -5/Waste | Identified exit to Factory 21693 | -5/Waste | Entered Factory 21693 | -5/Factory | Accompanied by 20 allies 21699 | -5/Factory | Zion hero teleported in (1C-UTU) 21721 | -5/Factory | Discovered exit to Factory (range 16) 21734 | -5/Factory | Build established: Scavenger-Scout 21790 | -5/Factory | Repaired Imp. Medium Armor Plating 21834 | -5/Factory | Retrieved Zion intel report: Active Garrisons 21835 | -5/Factory | Zion Hacker squad teleported in 21941 | -5/Factory | Discovered exit to Factory (range 8) 21992 | -5/Factory | Found Prototype Slashing Weapon 21992 | -5/Factory | Identified 1C-UTU's Sword "Lootmaker" 21994 | -5/Factory | Found Prototype Device 21994 | -5/Factory | Identified Exp. Actuator Array 22142 | -5/Factory | Build established: Mutant 22147 | -5/Factory | Retrieved Zion intel report: Prototype Stockpiles 22148 | -5/Factory | Zion Heavy squad teleported in 22177 | -5/Factory | Retrieved Zion intel report: Component Schematics 22293 | -5/Factory | First assault squad dispatched 22323 | -5/Factory | Spotted B-75 Beast 22371 | -5/Factory | Retrieved Zion intel report: Component Stockpiles 22379 | -5/Factory | Discovered exit to Factory (range 16) 22388 | -5/Factory | Cargo convoy interrupted 22423 | -5/Factory | Destroyed 11 combat bots 22510 | -5/Factory | Found Prototype Launcher 22510 | -5/Factory | Identified Ragnarok Missile Launcher 22521 | -5/Factory | Lost 5 parts (1p1n2u1w) 22605 | -5/Factory | Retrieved Zion intel report: Main Access 22747 | -5/Factory | Core integrity fell below 50% 22794 | -5/Factory | Lost 5 parts (1p3n1u) 22831 | -5/Factory | Discovered exit to Upper Caves (range 14) 22875 | -5/Factory | Retrieved Zion intel report: Unaware Schematics 22887 | -5/Factory | Entered Upper Caves 23095 | -5/Upper Caves | Discovered new exit (range 13) 23106 | -5/Upper Caves | Identified exit to Upper Caves 23106 | -5/Upper Caves | Entered another Upper Caves area 23107 | -5/Upper Caves | Identified exit to Warlord 23109 | -5/Upper Caves | Discovered exit to Factory (range 15) 23150 | -5/Upper Caves | Spotted B-75 Beast 23194 | -5/Upper Caves | Learned location of 1 exit from Factory 23196 | -5/Upper Caves | Encountered a Warlord checkpoint 23555 | -5/Upper Caves | Build established: Scout 23750 | -5/Upper Caves | Entered Warlord 23784 | -5/Warlord | Discovered new exit (range 14) 23792 | -5/Warlord | System corruption cleaned by Quarantine Array 23886 | -5/Warlord | Attacked by Warlord forces 23887 | -5/Warlord | Spotted N6-7N9(g) 23891 | -5/Warlord | Spotted N7-E2Q(B) 23891 | -5/Warlord | Spotted 66-YTV(B) 23901 | -5/Warlord | Core integrity fell below 20% 23912 | -5/Warlord | Identified exit to Proximity Caves 23913 | -5/Warlord | Entered Proximity Caves 23924 | -4/Proximity Caves | Destroyed by H-77 Assassin with Coil Gun Last Messages --------------- 23895_ Dropped Med. Storage Unit. 23895_ Imp. Surge Thruster destroyed. 23895_ Backup Power III destroyed. 23897_ Dropped Zio. Biocell. 23898_ Extracted 100 energy. 23898_ Acquired Zio. Biocell. 23903_ Imp. Sensor Array destroyed. 23912_ EXIT=IDENTIFIED: PROXIMITY CAVES LOCATION=PROXIMITY CAVES GOAL=ESCAPE 23914_ 6U-95S(s) destroyed. 23914_ Slug penetrates Wall. 23915_ CR-A16's Pointy Stick follow-up attack on H-77 Assassin. 23917_ Penetrated by Slug. 23917_ Slug penetrates Wall. 23918_ Slug penetrates H-77 Assassin. 23920_ Penetrated by Slug. 23920_ Q-thruster destroyed. 23924_ CR-A16's Pointy Stick follow-up attack on H-77 Assassin. 23924_ Penetrated by Slug. Map ----- +----------------------------------------------------+ | ????????????????????????????????????????????? | | ????????????????????????????????????????????? | | ????????????????????????????????????????????? | | ????????????????????????????????????????????? | | ????????????????????????????????????????????? | | ????????????????????????????????????????????? | | ????????????????????????????????????????????? | | ????????????????????????????????????????????? | | ???????????????????##???????????????????????? | | ??????????????????? ???????????????????????? | | ??????????????????? ???????????????????????? | | ??????????????????? ###????????????????????? | | ??????????????????? ????????????????????? | | ??????????????????? ????????????????????? | | ??????????????????? ?????????????????????? | | ???????????????????# ?????????????????????? | | ????????????????#### ?????????????????????? | | ????????????????? ??????????????????????? | | ?????????????????? ??????????????????????? | | ??????????????????# #??????????????????????? | | ??????????????????# #??????????????????????? | | ??????????????????# #??????????????????????? | | ??????????????????# ########### ????????? | | ???????????????#### ????????? | | ???????????????# ????????? | | ???????????????#=* h@ ##########???????????? | | ???????????????##%[ h #????????????????????? | | ????????????????### ##????????????????????? | | ??????????????????#####?????????????????????? | | ????????????????????????????????????????????? | | ????????????????????????????????????????????? | | ????????????????????????????????????????????? | | ????????????????????????????????????????????? | | ????????????????????????????????????????????? | | ????????????????????????????????????????????? | | ????????????????????????????????????????????? | | ????????????????????????????????????????????? | | ????????????????????????????????????????????? | | ????????????????????????????????????????????? | | ????????????????????????????????????????????? | | ????????????????????????????????????????????? | | ????????????????????????????????????????????? | | ????????????????????????????????????????????? | | ????????????????????????????????????????????? | | | | | | | | | | | | | +----------------------------------------------------+ Best States ------------- Heat Dissipation 71 Energy Generation 31 Energy Capacity 725 Matter Stores 300 Matter Capacity 300 Sight Range 16 Robot Scan Range 20 Terrain Scan Range 20 Terrain Scan Density 410 ECM Strength 1 Jamming Range 14 Cloak Strength 5 Power Amplification 20 Corruption Containment 8 Corruption Block 30 Armor Coverage 600 Weapon Shielding 100 Weapon Cycling 25 Phase Shifting 15 Evasion (%) 76 Targeting Accuracy 12 Melee Accuracy 14 Core Analysis 8 Recoil Reduction 4 Particle Charging 30 Offensive Hacking 12 Item Schematics ----------------- Heat Sink | -9/Mines | Hacked Transport Network Coupler | -9/Mines | Hacked Remote Datajack | -7/Zion | Archive Imp. Heavy Armor Plating | -7/Zion | Archive Arc Projector | -7/Zion | Archive Remote Force Field | -7/Zion | Archive Transmission Jammer | -7/Zion | Archive Imp. Medium Treads | -7/Zion | Archive Gatling Laser | -7/Zion | Archive Matter Compressor | -7/Zion | Archive Lyr. Light Armor Plating | -7/Zion | Archive Mak. Cloaking Device | -7/Zion | Archive Imp. Carbon-fiber Leg | -7/Zion | Archive Imp. Trap Scanner | -7/Zion | Archive Adv. ECM Suite | -7/Zion | Archive Adv. Drone Bay | -7/Zion | Archive Thermal Defense Suite | -6/Extension | Z-intel Cold Fusion Reactor | -6/Extension | Z-intel Adv. Beam Rifle | -6/Extension | Z-intel Antimatter Cannon | -6/Extension | Z-intel Imp. Lightning Gun | -6/Extension | Z-intel Gravity Neutralizer | -6/Extension | Z-intel Scatter Rocket Array | -6/Extension | Z-intel Impact Mace | -6/Extension | Z-intel Gui. EMP Blaster | -6/Extension | Z-intel Mni. Assault Cannon | -6/Extension | Z-intel Cld. Particle Cannon | -6/Extension | Z-intel Imp. Arc Projector | -5/Factory | Z-intel Linear Gravjet | -5/Factory | Z-intel Enh. Optical Array | -5/Factory | Z-intel Mni. Drone Bay | -5/Factory | Z-intel Imp. Remote Datajack | -5/Factory | Z-intel Plasma Rifle | -5/Factory | Z-intel Huge Storage Unit | -5/Factory | Z-intel Com. Battery | -5/Factory | Z-intel Imp. Shield Generator | -5/Factory | Z-intel EM Disruption Field | -5/Factory | Z-intel Adv. Plasma Cannon | -5/Factory | Z-intel Phase Cannon | -5/Factory | Z-intel Angular Momentum Engine | -5/Factory | Z-intel Great Maul | -5/Factory | Z-intel Nuclear Pulse Array | -5/Factory | Z-intel Robot Schematics ------------------ M-13 Machinist | -8/Storage | Hacked H-77 Assassin | -7/Zion | Archive K-01 Serf | -7/Zion | Archive Y-45 Defender | -7/Zion | Archive R-06 Scavenger | -6/Extension | Z-intel T-07 Excavator | -6/Extension | Z-intel A-15 Conveyor | -6/Extension | Z-intel O-24 Administrator | -6/Extension | Z-intel E-15 Imp | -6/Extension | Z-intel S-27 Virus | -5/Factory | Z-intel H-66 Slayer | -5/Factory | Z-intel R-10 Processor | -5/Factory | Z-intel A-02 Transporter | -5/Factory | Z-intel Fabricated ------------ Nothing Alien Tech Used ----------------- None Achievements -------------- None Challenges ------------ None Game ------ Seed DamperNodeArchive Manual? 0 Play Time 03:48:47 Cumulative 223.1 hours Start 2023.05.17 @ 07:49:08 End 2023.05.17 @ 19:10:11 Sessions 3 Manual Loads 0 Difficulty Rogue Special Mode None Game No. 300 Rogue 300 Adventurer 0 Explorer 0 Win Type - Total 7 Types 6/0/0/1/0/0/0/0/0 Lore% 82 Gallery% 86 Achievement% 69 Wizard Run 0 Options --------- ASCII 0 Keyboard 0 Movement Numpad Keybinds 0 Fullscreen 2 Font 18/SmallcapsGlow Map View 76x50 Tactical HUD 1 Map Filters NONE Filters NONE Steam 1 RUN: 7e385bb6-06a3-4212-b345-1adfb099dc14